 Dungeon Crawl Stone Soup version 0.29.1-15-g9cfb28693d (webtiles) character file.

Game seed: 13001669412424613472

11916 Gumption the Severer (level 11, -19/104 HPs)
             Began as a Minotaur Berserker on Mar 27, 2023.
             Was a High Priest of Trog.
             Demolished by a two-headed ogre
             ... wielding a +0 giant spiked club
              (28 damage)
             ... on level 10 of the Dungeon.
             The game lasted 00:58:57 (7867 turns).

Gumption the Severer (Minotaur Berserker)           Turns: 7867, Time: 00:59:00

Health: -19/104    AC: 18    Str: 24    XL:     11   Next: 55%
Magic:  10/10      EV:  8    Int:  6    God:    Trog [*****.]
Gold:   716        SH:  0    Dex: 10    Spells: 10/10 levels left

rFire   . . .      SeeInvis +   a - +0 war axe
rCold   . . .      Faith    .   (no shield)
rNeg    . . .      Spirit   .   j - +0 plate armour
rPois   .          Reflect  .   z - +2 hat {SInv}
rElec   .          Harm     .   d - +0 cloak
rCorr   .          Rampage  .   (no gloves)
Will    .....                   (no boots)
Stlth   ..........              c - amulet of regeneration
HPRegen 1.07/turn               (no ring)
MPRegen 0.12/turn               (no ring)

@: on berserk cooldown, slowed, very slow
A: horns 2, retaliatory headbutt
a: Renounce Religion, Berserk, Trog's Hand, Brothers in Arms


You were on level 10 of the Dungeon.
You worshipped Trog.
Trog was extremely pleased with you.
You visited 1 branch of the dungeon, and saw 10 of its levels.
You also visited: Ossuary.

You collected 746 gold pieces.
You spent 30 gold pieces at shops.

Inventory:

Hand Weapons
 a - a +0 war axe (weapon)
 b - the +10 short sword of Paper {vorpal, rElec MP+9 SInv}
   (You found it on level 6 of the Dungeon)

   It inflicts extra damage upon your enemies.
   rElec:     It insulates you from electricity.
   MP:        It affects your magic capacity (+9).
   SInv:      It lets you see invisible.
 E - a +0 war axe
Missiles
 l - 12 boomerangs (quivered)
 B - a throwing net
Armour
 d - a +0 cloak (worn)
 j - a +0 plate armour (worn)
 z - a +2 hat of see invisible (worn)
Jewellery
 c - an amulet of regeneration (around neck)
Wands
 y - a wand of polymorph (7)
 D - a wand of iceblast (2)
 F - a wand of charming (2)
Scrolls
 o - a scroll of teleportation
 p - 3 scrolls of fog
 r - a scroll of identify
 t - a scroll of immolation {unknown}
 u - a scroll of blinking
 w - a scroll of summoning {unknown}
 x - a scroll of silence
 A - a scroll of fear {unknown}
Potions
 e - 3 potions of attraction
 f - 7 potions of curing
 g - a potion of haste
 h - 3 potions of berserk rage
 i - 4 potions of mutation
 k - 5 potions of lignification
 m - a potion of invisibility
 n - 5 potions of ambrosia
 q - a potion of might
 s - 5 potions of flight
 v - 3 potions of magic
 C - a potion of heal wounds {unknown}


   Skills:
 + Level 11.7 Fighting
 * Level 15.8 Axes
 + Level 11.3 Armour
 - Level 2.1 Dodging


You had 10 spell levels left.
You didn't know any spells.
Your spell library was empty.

Dungeon Overview and Level Annotations

Branches:
Dungeon (10/15)            Temple (0/1) D:6         Ossuary (visited)
   Lair: D:8-11         Orc: D:9-12

Altars:
Ashenzari
Cheibriados
Fedhas
Makhleb
Nemelex Xobeh
Okawaru
Qazlal
Sif Muna
Vehumet
Xom

Shops:
D:7 *

Annotations:
D:5 1 runed translucent door, vampirul's ghost, amateur GrAE


Innate Abilities, Weirdness & Mutations

You have a pair of horns on your head.
You reflexively headbutt those who attack you in melee.


Message History

The two-headed ogre is almost dead.
The two-headed ogre hits you with a +0 dire flail.
The two-headed ogre hits you with a +0 giant spiked club!
You slash the two-headed ogre!
You kill the two-headed ogre!
Trog accepts your kill.
You slice the killer bee!!
You kill the killer bee!
Trog accepts your kill.
You are no longer berserk.
You are exhausted.
You feel yourself slow down.
There is a stone staircase leading up, spattered with blood here.
You slash the two-headed ogre!
The two-headed ogre is lightly wounded.
The two-headed ogre hits you but does no damage.
The two-headed ogre hits you with a +0 giant club!
You hit the two-headed ogre.
Your headbutt misses the two-headed ogre.
The two-headed ogre is moderately wounded.
You hit the two-headed ogre.
The two-headed ogre is moderately wounded.
The two-headed ogre hits you with a +0 giant spiked club!
The two-headed ogre hits you with a +0 giant club!!
You hit the two-headed ogre but do no damage.
Your headbutt misses the two-headed ogre.
The two-headed ogre is moderately wounded.
The two-headed ogre hits you with a +0 giant spiked club!!
* * * LOW HITPOINT WARNING * * *
The two-headed ogre hits you with a +0 giant club!
* * * LOW HITPOINT WARNING * * *
You hit the two-headed ogre. Your punch misses the two-headed ogre.
The two-headed ogre is heavily wounded.
You hit the two-headed ogre but do no damage.
You headbutt the two-headed ogre.
The two-headed ogre is heavily wounded.
The two-headed ogre hits you with a +0 giant spiked club.
* * * LOW HITPOINT WARNING * * *
The two-headed ogre hits you with a +0 giant club!!
You die... yy

##h# . #........<# #. #.#
#.#.........# #O# #.#
#.#.........# #O. #.##
...........# #)## #..##
#.........#
#.O#####..####.........#
###..##.......#.........#
.....##.....[)..........#
..#####........O@).....##
#.†...........#.#)....##
#######.........#######
#.........# #.......###
#########


You could see a two-headed ogre.

Vanquished Creatures
  Gastronok (D:8)
  An ogre mage (D:10)
  3 two-headed ogres
  Pikel (D:8)
  A deep elf pyromancer (D:9)
  Joseph (D:8)
  Maggie (D:8)
  2 kobold demonologists (D:9)
  A hornet (D:6)
  2 trolls
  Sigmund (D:5)
  A shadow (D:9)
  4 yaks (D:9)
  A wyvern (D:9)
  2 water moccasins
  4 ice beasts
  2 sky beasts (D:8)
  2 black bears
  An ogre (D:5)
  3 centaurs
  3 phantoms
  4 kobold brigands (D:9)
  A lemure (D:8)
  7 bullfrogs
  3 necrophages (D:8)
  A gnoll sergeant (D:8)
  3 scorpions
  14 wights
  3 killer bees
  3 howler monkeys
  A jelly (D:7)
  11 orc priests
  2 hounds
  A gnoll bouda (D:9)
  12 orc wizards
  3 killer bee zombies (D:8)
  8 mummies (Ossuary)
  13 gnolls
  8 adders
  A white imp (D:8)
  2 ufetubi
  3 dart slugs
  38 orcs
  8 ball pythons
  5 bats
  8 endoplasms
  A giant cockroach (D:1)
  10 goblins
  9 hobgoblins
  6 jackals
  10 kobolds
  3 quokkas
  2 frilled lizards
  2 hobgoblin zombies (Ossuary)
  3 kobold zombies (Ossuary)
  3 orc zombies (Ossuary)
  5 rats
255 creatures vanquished.

Vanquished Creatures (others)
  An orc wizard (D:2)
  6 bushes (D:8)
  18 plants (D:8)
  2 withered plants (D:5)
27 creatures vanquished.

Grand Total: 282 creatures vanquished

Notes
Turn   | Place    | Note
-------+----------+-------------------------------------------
     0 | D:1      | Gumption the Minotaur Berserker began the quest for the
                  | Orb.
     0 | D:1      | Reached XP level 1. HP: 19/19 MP: 0/0
   272 | D:1      | Reached skill level 4 in Axes
   328 | D:1      | Reached XP level 2. HP: 21/27 MP: 1/1
   787 | D:1      | Reached XP level 3. HP: 28/33 MP: 2/2
  1490 | D:2      | Reached ** piety under Trog
  1577 | D:2      | Reached skill level 5 in Axes
  1577 | D:2      | Reached XP level 4. HP: 30/40 MP: 3/3
  1602 | D:2      | Reached XP level 5. HP: 30/47 MP: 4/4
  1846 | D:3      | Noticed a water moccasin
  1859 | D:3      | Killed a water moccasin
  1860 | D:3      | Reached skill level 5 in Fighting
  1860 | D:3      | Reached skill level 6 in Axes
  1860 | D:3      | Reached XP level 6. HP: 30/56 MP: 5/5
  1906 | D:3      | Found a faded altar of an unknown god.
  2734 | D:4      | Reached *** piety under Trog
  2741 | D:4      | Reached skill level 7 in Axes
  2987 | D:5      | Entered Level 5 of the Dungeon
  3024 | D:5      | Noticed Sigmund
  3033 | D:5      | Killed Sigmund
  3034 | D:5      | Reached skill level 5 in Armour
  3034 | D:5      | Reached XP level 7. HP: 62/62 MP: 6/6
  3044 | D:5      | Reached skill level 8 in Axes
  3115 | D:5      | Reached XP level 8. HP: 31/71 MP: 7/7
  3164 | D:5      | Reached skill level 9 in Axes
  3207 | D:5      | Found a sand-covered staircase.
  3214 | Ossuary  | Entered an ossuary
  3481 | D:5      | Found a runed translucent door.
  3482 | D:5      | Noticed vampirul's ghost (amateur GrAE)
  4101 | D:6      | Found a stormy altar of Qazlal.
  4108 | D:6      | Identified the +10 short sword of Paper {vorpal, rElec MP+9
                  | SInv}
  4227 | D:6      | Reached skill level 10 in Axes
  4233 | D:6      | Reached **** piety under Trog
  4487 | D:6      | Found a shimmering blue altar of Sif Muna.
  4576 | D:6      | Noticed a hornet
  4589 | D:6      | Paralysed by a hornet for 1 turns
  4595 | D:6      | Paralysed by a hornet for 2 turns
  4600 | D:6      | Killed a hornet
  4600 | D:6      | HP: 4/111 [poisoned by a hornet]
  4601 | D:6      | Reached XP level 9. HP: 5/81 MP: 8/8
  4602 | D:6      | HP: 1/81 [poisoned by a hornet]
  4680 | D:6      | Found a staircase to the Ecumenical Temple.
  4775 | D:7      | Reached skill level 11 in Axes
  4889 | D:7      | Found an iron altar of Okawaru.
  4952 | D:7      | Found Xuexoasi's General Store.
  4965 | D:7      | Found a sparkling altar of Nemelex Xobeh.
  4969 | D:7      | Bought a scroll of identify for 30 gold pieces
  5178 | D:7      | Reached skill level 12 in Axes
  5271 | D:7      | Found a burning altar of Makhleb.
  5347 | D:7      | Found a shimmering altar of Xom.
  5630 | D:8      | Noticed a troll
  5645 | D:8      | Killed a troll
  5651 | D:8      | Found a broken altar of Ashenzari.
  5698 | D:8      | Noticed Maggie
  5716 | D:8      | Killed Maggie
  5717 | D:8      | Reached XP level 10. HP: 60/91 MP: 9/9
  5942 | D:8      | Noticed Pikel
  5942 | D:8      | Noticed Gastronok
  5963 | D:8      | Killed Pikel
  5964 | D:8      | Reached skill level 13 in Axes
  5984 | D:8      | Killed Gastronok
  5985 | D:8      | Reached skill level 10 in Fighting
  6134 | D:8      | Noticed Joseph
  6364 | D:8      | Reached ***** piety under Trog
  6541 | D:8      | Found a blossoming altar of Fedhas.
  6618 | D:8      | Reached skill level 10 in Armour
  6621 | D:8      | Reached skill level 14 in Axes
  6673 | D:8      | Killed Joseph
  6900 | D:9      | Noticed a two-headed ogre
  7005 | D:9      | Reached XP level 11. HP: 72/101 MP: 10/10
  7190 | D:9      | Noticed a deep elf pyromancer
  7196 | D:9      | Killed a deep elf pyromancer
  7339 | D:9      | Reached skill level 15 in Axes
  7374 | D:9      | Killed a two-headed ogre
  7511 | D:9      | Found a snail-covered altar of Cheibriados.
  7638 | D:9      | Found a radiant altar of Vehumet.
  7699 | D:10     | Entered Level 10 of the Dungeon
  7808 | D:10     | Noticed an ogre mage
  7812 | D:10     | Noticed a two-headed ogre
  7812 | D:10     | Noticed a two-headed ogre
  7816 | D:10     | Killed an ogre mage
  7817 | D:10     | Noticed a two-headed ogre
  7857 | D:10     | Killed a two-headed ogre
  7859 | D:10     | Killed a two-headed ogre
  7867 | D:10     | Demolished by a two-headed ogre

Illustrated notes

Levels and vault maps discovered:
D:1:      minmay_arrival_four_circles, layout_basic, minivault_25
D:2:      cheibrodos_pilgrimage, layout_loops_ring, reono_crystal_passage
D:3:      layout_basic, chequers_ecumenical_altar_island, minmay_misc_feat_room,
          amethyst_killhole
D:4:      layout_cave_pools
D:5:      layout_loops_ring, enter_ossuary_1, gammafunk_ghost_grave,
          uniq_sigmund
D:6:      layout_rooms, nicolae_qazlal_scattered_showers, lemuel_blue_sif_altar,
          minmay_temple_entry_fiery, hangedman_decor_opposing,
          kennysheep_generic_room_6
D:7:      layout_cave_pools, lightli_temple_of_fire,
          kennysheep_okawaru_gauntlet, nemelex_xobeh_ov_fountains_minmay,
          mainiacjoe_overflow_alcove_4, serial_shops, shop
D:8:      layout_basic, fedhas_altar_decomposition,
          mainiacjoe_overflow_boulevard, minmay_microvault, uniq_maggie,
          uniq_joseph, uniq_pikel, uniq_gastronok
D:9:      layout_cave_pools, marbit_many_paths, nicolae_overflow_hidden_temple,
          guppyfry_early_elven_hall
D:10:     layout_rooms, serial_ice, serial_ice_e, serial_ice_f, serial_ice_c,
          serial_ice_b

Skill      XL: |  1  2  3  4  5  6  7  8  9 10 11 |
---------------+----------------------------------+-----
Axes           | 4 5 6 7 8 10 12 14 15 | 15.8
Fighting       | 4 5 6 8 9 10 11 | 11.7
Armour         | 3 4 5 6 7 9 10 11 | 11.3
Dodging        | |  2.1

Action                   |  1- 3 |  4- 6 |  7- 9 | 10-12 || total
-------------------------+-------+-------+-------+-------++-------
Melee: Hand axe          |   103 |   133 |   357 |   130 ||   723
       Headbutt          |     9 |    24 |    80 |    62 ||   175
       Punch             |     1 |       |     6 |     3 ||    10
       War axe           |       |       |       |   150 ||   150
Throw: Boomerang         |       |       |     2 |     1 ||     3
Invok: Trog's Hand       |     1 |     2 |     2 |     5 ||    10
       Berserk           |       |     2 |     3 |     3 ||     8
  Use: Scroll            |     2 |     7 |     7 |     2 ||    18
       Potion            |       |       |     1 |       ||     1
Armor: Animal skin       |     4 |       |       |       ||     4
       Leather armour    |    21 |     4 |       |       ||    25
       Scale mail        |       |     4 |       |       ||     4
       Plate armour      |       |    56 |   170 |   137 ||   363
       Chain mail        |       |     5 |       |       ||     5
Dodge: Dodged            |    52 |    29 |    91 |    81 ||   253
